 Dungeon Crawl Stone Soup version 0.30.1-4-g462c640d31 (webtiles) character file.

Game seed: 12057540940993598070

14214 Tempokai the Basher (level 11, -1/95 HPs)
             Began as a Minotaur Fighter on Sept 3, 2023.
             Was a High Priest of Wu Jian.
             Slain by a troll (7 damage)
             ... on level 10 of the Dungeon.
             The game lasted 00:48:22 (9661 turns).

Tempokai the Basher (Minotaur Fighter)              Turns: 9661, Time: 00:48:23

Health: -1/95      AC: 15    Str: 22    XL:     11   Next: 85%
Magic:  0/10       EV: 12    Int:  6    God:    Wu Jian [*****.]
Gold:   489        SH:  6    Dex: 16    Spells: 10/10 levels left

rFire   + . .        A - +6 flail (venom)
rCold   . . .        c - +0 buckler
rNeg    . . .        B - +5 scale mail {rF+}
rPois   .            l - +0 hat
rElec   .            O - scarf {+Inv}
rCorr   .            (no gloves)
SInv    +            t - +1 pair of boots {Stlth+}
Will    +....        b - amulet of guardian spirit
Stlth   ++++         f - ring of see invisible
HPRegen 0.35/turn    w - +6 ring of strength
MPRegen 0.12/turn

%: guardian spirit
@: about to teleport, slowed, studying Stealth, very slow
A: horns 2, retaliatory headbutt, agile 1, strong-willed 1, weak 2
a: Renounce Religion, Evoke Invisibility, Wall Jump, Serpent's Lash, Heavenly
Storm


You were on level 10 of the Dungeon.
You worshipped Wu Jian.
Wu Jian was extremely pleased with you.
You visited 1 branch of the dungeon, and saw 10 of its levels.
You also visited: Sewer.

You collected 489 gold pieces.

Inventory:

Hand Weapons
 a - a +1 war axe of venom
 k - a +0 sling
 s - the +6 long sword "Vistru" {freeze, rCorr Str-4 Dex+2}
   (You found it on level 10 of the Dungeon)

   Str:       It affects your strength (-4).
   Dex:       It affects your dexterity (+2).
   rCorr:     It protects you from acid and corrosion.
 A - a +6 flail of venom (weapon)
 E - a +1 trident of pain
Missiles
 e - 6 atropa-tipped darts
 q - 6 curare-tipped darts (quivered)
 u - 55 poisoned darts
 C - 3 boomerangs of dispersal
Armour
 c - a +0 buckler (worn)
 l - a +0 hat (worn)
 t - a +1 pair of boots of stealth (worn)
 v - a +0 cloak
 B - a +5 scale mail of fire resistance (worn)
 O - a scarf of invisibility (worn)
 U - +0 acid dragon scales
Magical Staves
 i - a staff of cold
Jewellery
 b - an amulet of guardian spirit (around neck)
 f - a ring of see invisible (left hand)
 j - a ring of positive energy
 o - a ring of protection from fire
 w - a +6 ring of strength (right hand)
 H - an amulet of faith
 P - a ring of flight
Wands
 h - a wand of mindburst (14)
 D - a wand of charming (3)
 F - a wand of flame (18)
 Q - a wand of iceblast (2)
Scrolls
 m - 2 scrolls of blinking
 n - 15 scrolls of identify
 p - a scroll of magic mapping
 r - 5 scrolls of teleportation
 y - 2 scrolls of summoning
 I - 2 scrolls of brand weapon
 L - a scroll of torment
 M - a scroll of fog {unknown}
 N - 3 scrolls of amnesia
 R - a scroll of fear
Potions
 d - 3 potions of might
 g - 2 potions of lignification
 x - 2 potions of resistance
 z - 3 potions of brilliance
 G - 2 potions of haste
 J - 3 potions of flight
 K - 2 potions of magic
 S - a potion of invisibility
 T - a potion of heal wounds
 V - a potion of attraction
Miscellaneous
 X - a tin of tremorstones (2/2)


   Skills:
 + Level 8.7 Fighting
 + Level 7.5(11.0) Axes
 + Level 12.5(13.3) Maces & Flails
 * Level 5.1 Throwing
 + Level 9.4 Armour
 + Level 5.5 Dodging
 + Level 9.2 Stealth
 + Level 6.9 Shields
 + Level 1.3 Evocations


You had 10 spell levels left.
You didn't know any spells.
Your spell library contained the following spells:

 Spells                   Type           Power      Damage    Failure   Level
 Magic Dart               Conj           0%         1d3       80%         1
 Necrotise                Necr           0%         1d4       80%         1
 Summon Small Mammal      Summ           0%         N/A       80%         1
 Blink                    Tloc           0%         N/A       90%         2
 Lesser Beckoning         Tloc           0%         N/A       90%         2
 Searing Ray              Conj           0%         2d4       90%         2
 Call Canine Familiar     Summ           0%         N/A       99%         3
 Gell's Gravitas          Tloc           0%         N/A       99%         3
 Summon Guardian Golem    Hex/Summ       0%         N/A       99%         3
 Teleport Other           Tloc           0%         N/A       99%         3
 Vampiric Draining        Necr           0%         2d6       99%         3
 Fulminant Prism          Conj/Hex       0%         3d5       100%        4
 Manifold Assault         Tloc           0%         N/A       100%        4
 Passage of Golubria      Tloc           0%         N/A       100%        4
 Agony                    Necr           0%         N/A       100%        5
 Silence                  Hex/Air        0%         N/A       100%        5
 Simulacrum               Ice/Necr       0%         N/A       100%        6
 Ozocubu's Refrigeration  Ice            0%         4d7       100%        7
 Storm Form               Tmut/Air       0%         N/A       100%        7
 Lehudib's Crystal Spear  Conj/Erth      0%         10d2      100%        8
 Chain Lightning          Conj/Air       0%         N/A       100%        9
 Fire Storm               Conj/Fire      0%         5d1       100%        9
 Polar Vortex             Ice            0%         N/A       100%        9
 Shatter                  Erth           0%         3d5*      100%        9


Dungeon Overview and Level Annotations

Branches:
Dungeon (10/15)            Temple (0/1) D:7            Lair (0/5) D:10
  Sewer (visited)
    Orc: D:9-12

Altars:
Ashenzari
Cheibriados
Dithmenos
Fedhas
Gozag
Nemelex Xobeh
Ru
Wu Jian
Zin

Shops:
D:1 [[*[   D:3 [([*   D:5 :   D:6 =


Innate Abilities, Weirdness & Mutations

You have a pair of horns on your head.
You reflexively headbutt those who attack you in melee.
You are agile. (Dex +4, Str/Int -1)
You are strong-willed. (Will+)
You are very weak. (Str -4)


Message History

Unknown command.
You closely miss Fannar.
Fannar is severely wounded.
Fannar barely misses you. You furiously retaliate!
You headbutt Fannar! Fannar attacks as you move away!
Fannar hits you with a staff of cold. Fannar freezes you!
* * * LOW HITPOINT WARNING * * *
A wraith comes into view.
The wraith hits you!
* * * LOW HITPOINT WARNING * * *
The wraith drains your vigour!
You feel yourself slow down.
You sock Fannar!
You kill Fannar!
The Council accepts your kill. The wraith hits you!
* * * LOW HITPOINT WARNING * * *
The wraith drains your vigour!
You feel as though you will be slow longer.
The wraith closely misses you. You block the troll's attack.
The troll barely misses you. The troll misses you.
You feel much better. You block the wraith's attack. The troll bites you.
The troll closely misses you. The troll misses you.
As you read the scroll of teleportation, it crumbles to dust.
You feel strangely unstable. The troll bites you but does no damage.
The troll closely misses you. x2; The wraith hits you!
* * * LOW HITPOINT WARNING * * *
The wraith drains your vigour!
You feel as though you will be slow longer.
The troll bites you!
* * * LOW HITPOINT WARNING * * *
The troll claws you but does no damage. The troll claws you!
* * * LOW HITPOINT WARNING * * *
The wraith barely misses you.
You thump the wraith! You headbutt the wraith.
The wraith is heavily damaged.
A two-headed ogre comes into view. It is wielding two +0 giant clubs.
The wraith hits you!
* * * LOW HITPOINT WARNING * * *
The troll bites you!
You die...

##.................######
.#'##....................
....#....................
....#....................
....#....................
....#....................
###.#....########.#######
..###....# ♣..OW♣T♣.TD.♣
.........# ♣@♣.♣..Y.♣ #
.........# ♣♣♣♣♣.....# #
.........# ....♣# ####
.........# ...♣♣ ...
)..####### #### ### #.
...# ♣♣.♣ #. ...# #♣.♣♣
#. ...# ♣♣♣♣♣♣♣♣♣♣♣♣♣#.♣♣
#. ...#
♣)..........♣#♣.♣♣ #.


You could see a two-headed ogre, a troll and a wraith.

Vanquished Creatures
  A yaktaur captain (D:10)
  Fannar (D:10)
  A boulder beetle (D:10)
  Erica (D:8)
  A two-headed ogre (D:10)
  The ghost of porada001 the Covered, a novice HOFi (D:8)
  A cyclops (D:10)
  A manticore (D:10)
  Maurice (D:10)
  A gargoyle (D:10)
  2 unseen horrors (D:10)
  Psyche (D:8)
  2 kobold demonologists (D:10)
  A yaktaur (D:10)
  A troll (D:10)
  Sigmund (D:2)
  A wraith (D:10)
  8 yaks (D:10)
  A wyvern (D:10)
  Grum (D:8)
  A redback (D:10)
  4 vampire mosquitoes (D:10)
  Edmund (D:5)
  An acid dragon (D:9)
  5 orc warriors
  An ice beast (D:7)
  2 black bears
  2 sky beasts
  An ogre (D:4)
  7 centaurs
  4 wolves (D:8)
  A phantom (D:5)
  5 kobold brigands
  4 bullfrogs
  4 gnoll sergeants
  2 scorpions
  12 wights
  5 killer bees
  A howler monkey (D:10)
  A jelly (D:6)
  3 hounds
  5 orc priests
  A sleepcap (D:7)
  A gnoll bouda (D:10)
  10 iguanas
  11 orc wizards
  A hell rat (Sewer)
  10 gnolls
  7 adders
  4 river rats (Sewer)
  A shadow imp (D:7)
  A white imp (D:7)
  2 ufetubi (D:4)
  3 worms (D:2)
  A dart slug (D:3)
  33 orcs
  10 ball pythons
  7 bats
  7 endoplasms
  5 giant cockroaches
  5 goblins
  2 hobgoblins
  16 jackals
  3 quokkas
  8 frilled lizards
  32 kobolds
  15 rats
297 creatures vanquished.

Notes
Turn   | Place    | Note
-------+----------+-------------------------------------------
     0 | D:1      | Tempokai the Minotaur Fighter began the quest for the Orb.
     0 | D:1      | Reached XP level 1. HP: 19/19 MP: 0/0
   143 | D:1      | Found Tunlo's Assorted Antiques.
   182 | D:1      | Reached XP level 2. HP: 21/27 MP: 1/1
   246 | D:1      | Found Roj Zetz's Armour Emporium.
   578 | D:1      | Reached skill level 1 in Dodging
   588 | D:1      | Gained mutation: You are strong-willed. (Will+) [potion of
                  | mutation]
   588 | D:1      | Gained mutation: You are weak. (Str -2) [potion of
                  | mutation]
   588 | D:1      | Gained mutation: You are very weak. (Str -4) [potion of
                  | mutation]
   588 | D:1      | Gained mutation: You are agile. (Dex +4, Str/Int -1)
                  | [potion of mutation]
   612 | D:1      | Found Birecau's Antique Armour Boutique.
   615 | D:1      | Reached XP level 3. HP: 33/33 MP: 2/2
   660 | D:1      | Found Jion's Armour Shoppe.
   660 | D:1      | Noticed an animated shadow dragon scales
   660 | D:1      | Noticed an animated pearl dragon scales
   895 | D:2      | Found a broken altar of Ashenzari.
   903 | D:2      | Noticed Sigmund
   914 | D:2      | Killed Sigmund
   915 | D:2      | Reached XP level 4. HP: 16/40 MP: 3/3
   915 | D:2      | Reached XP level 5. HP: 19/46 MP: 4/4
  1614 | D:3      | Found Idupnuve's Assorted Antiques.
  1642 | D:3      | Found Nidamonol's Antique Armour Shop.
  1784 | D:3      | Reached skill level 5 in Armour
  1784 | D:3      | Reached XP level 6. HP: 53/53 MP: 5/5
  1851 | D:3      | Found a faded altar of an unknown god.
  2064 | D:3      | Found Hanetio's Weapon Emporium.
  2353 | D:3      | Found Ynteit's Antique Armour Shop.
  2903 | D:4      | Reached skill level 5 in Axes
  2921 | D:4      | Reached skill level 1 in Stealth
  3019 | D:4      | Reached XP level 7. HP: 55/60 MP: 6/6
  3219 | D:4      | Found an ornate altar of the Wu Jian Council.
  3225 | D:4      | Found a sparkling altar of Nemelex Xobeh.
  3234 | D:4      | Found a blossoming altar of Fedhas.
  3235 | D:4      | Found an opulent altar of Gozag.
  3241 | D:4      | Found a glowing silver altar of Zin.
  3265 | D:4      | Became a worshipper of the Wu Jian Council
  3416 | D:4      | Reached skill level 5 in Fighting
  3533 | D:5      | Entered Level 5 of the Dungeon
  3749 | D:5      | Noticed Edmund
  3762 | D:5      | Killed Edmund
  4042 | D:5      | Reached XP level 8. HP: 68/68 MP: 7/7
  4227 | D:5      | Found Leluff's Tremendous Tomes.
  4265 | D:5      | Reached skill level 1 in Maces & Flails
  4562 | D:6      | Reached * piety under Wu Jian
  4606 | D:6      | Reached skill level 2 in Maces & Flails
  4662 | D:6      | Reached skill level 5 in Stealth
  4860 | D:6      | Found Cethoal's Jewellery Shoppe.
  4910 | D:6      | Reached skill level 3 in Maces & Flails
  5039 | D:6      | Found a glowing drain.
  5046 | D:6      | Reached skill level 4 in Maces & Flails
  5054 | Sewer    | Entered a sewer
  5092 | Sewer    | Reached skill level 5 in Shields
  5271 | D:6      | Reached ** piety under Wu Jian
  5283 | D:6      | Reached skill level 5 in Maces & Flails
  5284 | D:6      | Reached XP level 9. HP: 70/75 MP: 6/8
  5763 | D:7      | Reached skill level 6 in Maces & Flails
  5784 | D:7      | Found a staircase to the Ecumenical Temple.
  6262 | D:8      | Reached *** piety under Wu Jian
  6263 | D:8      | Reached skill level 7 in Maces & Flails
  6499 | D:8      | Noticed Psyche
  6511 | D:8      | Killed Psyche
  6586 | D:8      | Found a runed translucent door.
  6591 | D:8      | Noticed porada001's ghost (novice HOFi)
  6677 | D:8      | Noticed Erica
  6683 | D:8      | Killed Erica
  6684 | D:8      | Reached skill level 8 in Maces & Flails
  6684 | D:8      | Reached XP level 10. HP: 84/84 MP: 9/9
  6707 | D:8      | Found a shadowy altar of Dithmenos.
  6827 | D:8      | Found a snail-covered altar of Cheibriados.
  7109 | D:8      | Noticed Grum
  7123 | D:8      | Killed Grum
  7124 | D:8      | HP: 3/84 [wolf[Grum] (5)]
  7485 | D:8      | Killed porada001's ghost
  7486 | D:8      | Reached skill level 9 in Maces & Flails
  7770 | D:9      | Found a sacrificial altar of Ru.
  7803 | D:9      | Reached **** piety under Wu Jian
  7814 | D:9      | Reached skill level 1 in Throwing
  8189 | D:10     | Entered Level 10 of the Dungeon
  8216 | D:10     | Noticed a gargoyle
  8236 | D:10     | Killed a gargoyle
  8237 | D:10     | Reached skill level 10 in Maces & Flails
  8530 | D:10     | Noticed a boulder beetle
  8537 | D:10     | Killed a boulder beetle
  8537 | D:10     | Noticed Maurice
  8538 | D:10     | Reached skill level 5 in Dodging
  8556 | D:10     | Killed Maurice
  8557 | D:10     | Reached XP level 11. HP: 27/92 MP: 3/10
  8569 | D:10     | Reached skill level 11 in Maces & Flails
  8694 | D:10     | Reached skill level 1 in Evocations
  8869 | D:10     | Reached ***** piety under Wu Jian
  8906 | D:10     | Noticed a yaktaur captain
  8920 | D:10     | Killed a yaktaur captain
  8926 | D:10     | Identified the +6 long sword "Vistru" {freeze, rCorr Str-4
                  | Dex+2}
  9155 | D:10     | Noticed a two-headed ogre
  9165 | D:10     | Killed a two-headed ogre
  9197 | D:10     | Reached skill level 12 in Maces & Flails
  9519 | D:10     | Found a staircase to the Lair.
  9528 | D:10     | Reached skill level 5 in Throwing
  9646 | D:10     | Noticed Fannar
  9658 | D:10     | Killed Fannar
  9661 | D:10     | Noticed a two-headed ogre
  9661 | D:10     | Slain by a troll

Illustrated notes

Levels and vault maps discovered:
D:1:      ncdulo_smallfort, layout_basic, serial_shops, nicolae_shop_dealshenge,
          nicolae_shop_mannequins, nicolae_shop_advertising_works
          [nicolae_subvault_shop_adworks], nicolae_shop_statue_plus,
          dk_noncrumbling_4, dk_noncrumbling_3, minmay_pentomino_z2
D:2:      layout_loops_ring, basic_altar, minmay_lizard_pond, uniq_sigmund
D:3:      layout_loops_ring, serial_shops, shop, shop, shop, shop,
          hellmonk_ecumenical_altar_heavens_door, hangedman_decor_lopped,
          grunt_ministairs_9
D:4:      kennysheep_six_static_rooms, layout_basic,
          nicolae_overflow_hallway_of_the_gods, serial_corexii_hall,
          corexii_hall_statues_t, chequers_hall_statues_corner_a,
          corexii_hall_statues_x, minmay_manual_monolith
D:5:      layout_basic, nicolae_shop_i_like_big_books, uniq_edmund
D:6:      layout_loops_ring, portal_sewer_entry_b, serial_shops, shop,
          nrook_uturn, hangedman_glass_teeth
D:7:      layout_cave_pools, temple_pool_b, dk_vineyard_3
D:8:      layout_gridville, mainiacjoe_overflow_brackets, marbit_many_paths,
          hellmonk_ghost_happy_afterlife, uniq_grum, uniq_psyche, uniq_erica
D:9:      layout_gridville, nicolae_ru_awakened_eye
D:10:     nzn_winding_woodlands_cross [nzn_winding_woodlands_5x15_sawtooth,
          nzn_winding_woodlands_5x15_parted,
          nzn_winding_woodlands_5x15_sidewinder,
          nzn_winding_woodlands_5x15_concentric,
          nzn_winding_woodlands_15x15_boxy_spiral], layout_irregular_city,
          orc_0_dummy, kennysheep_generic_room_7, uniq_fannar, uniq_maurice

Skill      XL: |  1  2  3  4  5  6  7  8  9 10 11 |
---------------+----------------------------------+-----
Armour         | 4 5 6 7 8 9 |  9.4
Dodging        | 1 2 3 4 5 |  5.5
Shields        | 4 5 6 |  6.9
Axes           | 4 5 7 |  7.5
Fighting       | 4 5 6 7 8 |  8.7
Stealth        | 1 3 5 7 8 9 |  9.2
Maces & Flails | 5 8 10 12 | 12.5
Throwing       | 2 5 |  5.1
Evocations     | 1 |  1.3

Action                     |  1- 3 |  4- 6 |  7- 9 | 10-12 || total
---------------------------+-------+-------+-------+-------++-------
  Melee: War axe           |    74 |    95 |    43 |       ||   212
         Headbutt          |     7 |    20 |    49 |    63 ||   139
         Flail             |       |       |   223 |   309 ||   532
Ability: Lunge             |       |       |    28 |    18 ||    46
         Whirlwind         |       |       |    51 |    87 ||   138
         Wall Jump         |       |       |     1 |     4 ||     5
  Evoke: Wand              |       |       |     2 |     4 ||     6
         Tin of tremorston |       |       |       |     2 ||     2
    Use: Potion            |     6 |     3 |     9 |     5 ||    23
         Scroll            |     4 |     6 |     4 |     6 ||    20
   Stab: Sleeping          |       |       |    11 |     5 ||    16
         Distracted        |       |       |       |     1 ||     1
 Armour: Scale mail        |    40 |    48 |   107 |   107 ||   302
  Dodge: Dodged            |    40 |    37 |   135 |   133 ||   345
  Block: Buckler           |    23 |    28 |    65 |    64 ||   180
